 Dungeon Crawl Stone Soup version 0.32-a0-131-g9dbbe29261 (webtiles) character file.

Game seed: 8062818282656347223

180 PriceMaster the Firebug (level 5, -2/48 HPs)
             Began as an Octopode Fire Elementalist on Feb 9, 2024.
             Engulfed by a cloud of flame (7 damage)
             ... on level 4 of the Dungeon.
             The game lasted 00:03:58 (3698 turns).

PriceMaster the Firebug (OpFE)                      Turns: 3698, Time: 00:03:59

Health: -2/48      AC: 22    Str:  7    XL:     5   Next: 60%
Magic:  0/9        EV:  2    Int: 20    God:
Gold:   142        SH:  0    Dex: 12    Spells: 4/10 levels left

rFire   + . .        b - +0 short sword
rCold   + . .        (no shield)
rNeg    . . .        (helmet currently unavailable)
rPois   +            (no amulet)
rElec   +            p - +5 ring of evasion
rCorr   +            (no ring)
SInv    .            (no ring)
Will    +....        (no ring)
Stlth   ++           (no ring)
HPRegen 0.28/turn    (no ring)
MPRegen 0.11/turn    (no ring)
                     (no ring)

%: no passive effects
@: mighty, tree-form (expiring), resistant, enlightened, very slightly
contaminated, hasted, very quick
A: stationary, stasis, torment immunity, boosted hp, almost no armour,
(amphibious), 8 rings, (camouflage 1), (gelatinous body 1), (nimble swimmer 1),
(tentacles)
a: no special abilities


You were on level 4 of the Dungeon.
You were a tree.
You visited 1 branch of the dungeon, and saw 4 of its levels.

You collected 142 gold pieces.

Inventory:

Hand Weapons
 b - a +0 short sword (weapon)
Jewellery
 p - a +5 ring of evasion (left branch)
Scrolls
 d - a scroll of butterflies {unknown}
 f - 2 scrolls of revelation {unknown}
 g - 5 scrolls of identify {unknown}
 h - 2 scrolls of teleportation {unknown}
 j - a scroll of noise {unknown}
 m - a scroll of acquirement {unknown}
 n - a scroll of enchant armour {unknown}
Potions
 i - a potion of resistance
 l - a potion of enlightenment


   Skills:
 + Level 0.3 Fighting
 + Level 1.3 Short Blades
 + Level 2.3 Dodging
 + Level 3.6 Stealth
 + Level 3.3 Spellcasting
 + Level 1.3 Conjurations
 + Level 1.6 Hexes
 + Level 3.8 Fire Magic


You had 4 spell levels left.
You knew the following spells:

 Your Spells              Type           Power      Damage    Failure   Level
a - Foxfire               Conj/Fire      52%        2x1d6     4%          1
b - Scorch                Fire           36%        2d6       4%          2
c - Inner Flame           Hex/Fire       14%        N/A       14%         3

Your spell library contained the following spells:

 Spells                   Type           Power      Damage    Failure   Level
 Summon Small Mammal      Summ           12%        N/A       14%         1
 Volatile Blastmotes      Fire/Tloc      20%        2d11      19%         3
 Call Canine Familiar     Summ           3%         N/A       38%         3
 Flame Wave               Conj/Fire      13%        2d6       43%         4
 Summon Blazeheart Golem  Fire/Summ      10%        N/A       54%         4


Dungeon Overview and Level Annotations

Branches:
Dungeon (4/15)
 Temple: D:4-7

Altars:
Elyvilon
Xom


Innate Abilities, Weirdness & Mutations

You are a tree.
Your roots penetrate the ground, keeping you stationary.
You cannot be teleported.
You are immune to unholy pain and torment.
Your maximum health is greatly increased.
You cannot wear most types of armour.
((You are amphibious.))
You can wear up to eight rings at the same time.
((Your skin changes colour to match your surroundings (Stealth+).))
((Your rubbery body absorbs attacks. (AC +1, EV +1)))
((You are camouflaged when in or above water. (Stealth+)))
((You have tentacles for arms and can constrict up to eight enemies at once.))


Message History

The quokka bites you but does no damage.
You closely miss the quokka.
You are engulfed in blazing flames.
* * * LOW HITPOINT WARNING * * *
Your transformation is almost over.
The quokka bites you but does no damage.
It was a potion of resistance.
You feel protected.
You are engulfed in blazing flames.
You resist.
The quokka bites you but does no damage.
It was a potion of heal wounds.
You feel much better.
You are engulfed in blazing flames.
You resist.
The quokka bites you but does no damage.
It was a potion of haste.
You feel yourself speed up.
You are engulfed in blazing flames.
You resist.
* * * LOW HITPOINT WARNING * * *
The quokka bites you but does no damage.
It was a potion of enlightenment.
Your roots keep you in place.
You are engulfed in blazing flames.
You resist.
* * * LOW HITPOINT WARNING * * *
The quokka bites you but does no damage.
It was a potion of curing.
You feel better.
You are engulfed in blazing flames.
You resist.
* * * LOW HITPOINT WARNING * * *
The quokka bites you but does no damage.
It was a potion of might.
You feel very mighty all of a sudden.
You are engulfed in blazing flames.
You resist.
* * * LOW HITPOINT WARNING * * *
The quokka bites you but does no damage.
Casting: Foxfire (safe; 4% risk of failure)
Confirm with . or Enter, or press ? or * to list all spells.
You miscast Scorch.
You are very lightly contaminated with residual magic.
Nothing appears to happen.
You are engulfed in blazing flames.
You resist.
* * * LOW HITPOINT WARNING * * *
The quokka bites you but does no damage.
You hit the quokka.
The quokka is heavily wounded.
You are engulfed in blazing flames.
You resist.
You die...

#.... .... .... #....
#..## .#.#
+....###...### .....
#....#~~...~~# .....
#....#~..♣..~## ......
#.............###......
#....♣._.♣..r☼°°.....
####.#..........♣†§#
......#~..♣..~#.#☼......
......#~~...~~#.########
......###...###.#
.............####
.............#
.............#
.......####### .......#


You could see a quokka.

Vanquished Creatures
  A bombardier beetle (D:4)
  A jelly (D:4)
  5 adders
  A ribbon worm (D:2)
  4 dart slugs
  5 bats
  7 endoplasms
  2 giant cockroaches (D:1)
  3 goblins
  4 hobgoblins
  4 jackals (D:4)
  6 kobolds
  2 quokkas
  10 ball pythons
  3 frilled lizards
  5 rats
63 creatures vanquished.

Vanquished Creatures (others)
  75 foxfires
75 creatures vanquished.

Grand Total: 138 creatures vanquished

Notes
Turn   | Place    | Note
-------+----------+-------------------------------------------
     0 | D:1      | PriceMaster the Octopode Fire Elementalist began the quest
                  | for the Orb.
     0 | D:1      | Reached XP level 1. HP: 11/11 MP: 3/3
   176 | D:1      | Reached XP level 2. HP: 15/17 MP: 5/5
   179 | D:1      | Learned a level 2 spell: Scorch
   817 | D:1      | Reached XP level 3. HP: 21/21 MP: 3/6
   821 | D:1      | Learned a level 3 spell: Inner Flame
  1764 | D:2      | Found a shimmering altar of Xom.
  2020 | D:2      | Reached XP level 4. HP: 19/27 MP: 0/8
  3102 | D:3      | Reached skill level 1 in Short Blades
  3632 | D:4      | Found a white marble altar of Elyvilon.
  3667 | D:4      | Reached skill level 1 in Hexes
  3667 | D:4      | Reached XP level 5. HP: 31/31 MP: 1/9
  3690 | D:4      | HP: 2/48 [cloud of flame (19)]
  3698 | D:4      | Engulfed by a cloud of flame

Illustrated notes

Levels and vault maps discovered:
D:1:      dpeg_arrival_arbitrary_a, layout_basic
D:2:      layout_basic, basic_altar
D:3:      layout_loops_ring
D:4:      layout_basic, elyvilon_altar_4, st_stairs_2, hex_intersection,
          uniq_edmund

Skill      XL: |  1  2  3  4 |
---------------+-------------+-----
Stealth        | 3 |  3.6
Short Blades   | 1 |  1.3
Spellcasting   | 3 |  3.3
Hexes          | 1 |  1.6
Fighting       | |  0.3
Dodging        | |  2.3
Conjurations   | |  1.3
Fire Magic     | |  3.8

Action                     |  1- 3 |  4- 6 || total
---------------------------+-------+-------++-------
  Melee: Short sword       |    35 |    27 ||    62
         Constrict         |    12 |     3 ||    15
         Tentacles         |    13 |     3 ||    16
         Unarmed           |     2 |       ||     2
         Punch             |     2 |       ||     2
   Cast: Foxfire           |    32 |    14 ||    46
         Scorch            |     5 |     7 ||    12
         Inner Flame       |     5 |     9 ||    14
    Use: Potion            |       |     8 ||     8
   Stab: Sleeping          |     4 |       ||     4
 Armour: Skin              |    14 |    49 ||    63
  Dodge: Dodged            |    17 |    29 ||    46

Table legend: (Time is in decaauts)
 A = Elapsed time spent in this place.
 B = Non-inter-level travel time spent in this place.
 C = Inter-level travel time spent in this place.
 D = Time resting spent in this place.
 E = Time spent auto-exploring this place.
 F = Levels seen in this place.
 G = Mean time per level.
                   A        B        C        D        E       F      G
               +--------+--------+--------+--------+--------+-----+--------+
         Total |   3694 |   3646 |     48 |    520 |   2743 |   4 |  923.5 |
       Dungeon |   3694 |   3646 |     48 |    520 |   2743 |   4 |  923.5 |
               +--------+--------+--------+--------+--------+-----+--------+

Top non-repeatable levels by time:
     D:1: 1335 daAuts
     D:3: 1276 daAuts
     D:2: 1013 daAuts
     D:4: 68 daAuts
